Map: Ever Dream LE

Players

JohnnyV - Winner!

  • Race: Terran Terran
  • League: Bronze
  • Spawn Location: 1:00

VOD

Have the link to the VOD?

Description

Time

  • Played on: May 1, 2020, 4:34 p.m.
  • Length: 9:16
Show
View Real Time Build Order
Export as new Build Order

JohnnyV Terran - Winner!

Build Orders:  

Get SALT Encoding   

  12  0:01  SCV  
  13  0:23  SCV, Supply Depot  
  14  0:37  Refinery  
  14  0:42  SCV  
  15  0:57  Barracks  
  15  1:03  SCV  
  16  1:20  SCV  
  17  1:37  SCV  
  18  1:51  Refinery  
  18  1:54  SCV  
  20  2:11  SCV, Supply Depot  
  20  2:12  Reaper  
  21  2:28  SCV  
  22  2:37  Factory  
  22  3:01  Barracks Reactor  
  22  3:10  Bunker  
  22  3:19  Orbital Command  
  22  3:46  Unknown  
  22  4:06  Marine  
  22  4:07  Marine  
  24  4:15  SCV  
  24  4:18  Command Center  
  25  4:32  SCV  
  26  4:47  Barracks Tech Lab  
  26  4:50  Starport  
  26  5:04  Engineering Bay  
  26  5:09  Supply Depot  
  26  5:12  Hellion x2  
  26  5:17  Marine  
  31  5:28  Refinery  
  31  5:41  Supply Depot  
  31  5:42  Hellion x2  
  31  5:43  Terran Infantry Weapons Level 1  
  35  6:04  Barracks Reactor  
  35  6:08  Barracks  
  38  6:30  SCV  
  38  6:31  SCV  
  40  6:47  SCV  
  45  6:58  Hellion x2  
  45  7:00  Marine x2  
  47  7:15  Unknown  
  47  7:20  Barracks Tech Lab  
  47  7:30  Raven  
  49  7:56  Factory Tech Lab  
  49  7:57  Marauder  
  51  8:00  Marine  
  51  8:01  Marine  
Tags
 
League
Bronze
Matchup
Co-op
Add a new tag
Caveats
  • Supply blocks, unpowered buildings, or Contaminate may cause inaccurate times.
  • Supply counts are checked every 10 seconds.